SKY
MIAMI MARLINS @ BALTIMORE ORIOLES
09/04/2052
 
TOP OF THE 1ST
Miami Marlins batting - Pitching for Baltimore Orioles : RHP Max Ibbotson
Pitching: RHP Max Ibbotson
Batting: LHB Joshua Roberts 0-0: Called Strike
0-1: Foul Ball, location: 25FF
0-2: Ground out 4-3 (Groundball, 4S, EV 87.5 MPH)
Batting: LHB Luís Montero 0-0: Swinging Strike
0-1: Ball
1-1: Foul Ball, location: 23F
1-2: Ball
2-2: Strikes out swinging
Batting: LHB Elijah Mitchell 0-0: SINGLE (Line Drive, 78S, EV 88.1 MPH)
Batting: LHB Russ Hicks 0-0: Ball
1-0: Foul Ball, location: 3FF
1-1: Swinging Strike
1-2: Foul Ball, location: 2F
1-2: Ball
2-2: Strikes out swinging
Top of the 1st over - 0 runs, 1 hit, 0 errors, 1 left on base; Miami 0 - Baltimore 0
BOTTOM OF THE 1ST
Baltimore Orioles batting - Pitching for Miami Marlins : RHP Max Uren
Pitching: RHP Max Uren
Batting: LHB Tony Goerner 0-0: Ball
1-0: SOLO HOME RUN (Flyball, 9D, EV 104.4 MPH), Distance : 395 ft
Batting: SHB Magglio Trego 0-0: Ball
1-0: Swinging Strike
1-1: Foul Ball, location: 23F
1-2: Ball
2-2: Strikes out looking
Batting: LHB Caleb Gim 0-0: Ball
1-0: Fly out, F8 (Line Drive, 8LM, EV 93.1 MPH)
Batting: RHB Truman Jackson 0-0: Called Strike
0-1: SINGLE (Line Drive, 9S, EV 105.6 MPH)
Batting: LHB D.J. Spencer 0-0: Ball
1-0: Called Strike
1-1: Ground out 4-3 (Groundball, 34S, EV 91.9 MPH)
Bottom of the 1st over - 1 run, 2 hits, 0 errors, 1 left on base; Miami 0 - Baltimore 1
TOP OF THE 2ND
Miami Marlins batting - Pitching for Baltimore Orioles : RHP Max Ibbotson
Batting: LHB Jose Stevens 0-0: Ball
1-0: Ground out 4-3 (Groundball, 34D, EV 95.6 MPH)
Batting: LHB David Almager 0-0: Ball
1-0: Foul Ball, location: 9LDF
1-1: Ball
2-1: Foul Ball, location: 3F
2-2: Ball
3-2: Ground out U3 (Groundball, 3L, EV 85.6 MPH)
Batting: LHB Standen Mocadlo 0-0: Called Strike
0-1: Ball
1-1: Foul Ball, location: 2F
1-2: Foul Ball, location: 7LMF
1-2: Foul Ball, location: 25FF
1-2: Ball
2-2: Ground out 4-3 (Groundball, 4, EV 81.3 MPH)
Top of the 2nd over - 0 runs, 0 hits, 0 errors, 0 left on base; Miami 0 - Baltimore 1
BOTTOM OF THE 2ND
Baltimore Orioles batting - Pitching for Miami Marlins : RHP Max Uren
Batting: RHB Paul Ramos 0-0: Ball
1-0: Swinging Strike
1-1: Ball
2-1: Ball
3-1: Foul Ball, location: 5DF
3-2: Base on Balls
Batting: RHB Dong-Kyoon Shin 0-0: Sac Bunt to 15 - play at first, batter OUT! 1-3
Paul Ramos to second
Batting: RHB Martin Taylor 0-0: Ball
1-0: Ball
2-0: Foul Ball, location: 7LSF
2-1: Foul Ball, location: 5DF
2-2: Strikes out swinging
Batting: RHB Gonçalo Melo 0-0: Foul Ball, location: 5FF
0-1: Foul Ball, location: 3FF
0-2: Ball
1-2: Ball
2-2: Strikes out swinging
Bottom of the 2nd over - 0 runs, 0 hits, 0 errors, 1 left on base; Miami 0 - Baltimore 1
TOP OF THE 3RD
Miami Marlins batting - Pitching for Baltimore Orioles : RHP Max Ibbotson
Batting: LHB Mike Rundle 0-0: Called Strike
0-1: Swinging Strike
0-2: Ball
1-2: Ball
2-2: Strikes out looking
Batting: LHB Samuel Sullivan 0-0: Ball
1-0: Called Strike
1-1: Ball
2-1: Foul Ball, location: 9LMF
2-2: Strikes out swinging
Batting: LHB Joshua Roberts 0-0: SOLO HOME RUN (Flyball, 7LD, EV 96.3 MPH), Distance : 349 ft
Batting: LHB Luís Montero 0-0: Ball
1-0: Called Strike
1-1: Called Strike
1-2: Foul Ball, location: 7LMF
1-2: Foul Ball, location: 7LMF
1-2: Hit by Pitch
Batting: LHB Elijah Mitchell 0-0: Swinging Strike
0-1: Called Strike
0-2: Ball
1-2: SINGLE (Groundball, 6MD, EV 100.0 MPH)
Luís Montero to second
Runner from 2nd tries for 3rd, SAFE, throw by CF made to third
Batting: LHB Russ Hicks 0-0: Ground out 6-3 (Groundball, 6S, EV 108.8 MPH)
Top of the 3rd over - 1 run, 2 hits, 0 errors, 2 left on base; Miami 1 - Baltimore 1
BOTTOM OF THE 3RD
Baltimore Orioles batting - Pitching for Miami Marlins : RHP Max Uren
Batting: LHB Tony Goerner 0-0: Swinging Strike
0-1: Ball
1-1: Ground out 4-3 (Groundball, 4, EV 97.5 MPH)
Batting: SHB Magglio Trego 0-0: Called Strike
0-1: Called Strike
0-2: Ground out 1-3 (Groundball, 13, EV 71.3 MPH)
Batting: LHB Caleb Gim 0-0: Ball
1-0: Ball
2-0: Called Strike
2-1: Swinging Strike
2-2: Foul Ball, location: 9LDF
2-2: Ball
3-2: Strikes out looking
Bottom of the 3rd over - 0 runs, 0 hits, 0 errors, 0 left on base; Miami 1 - Baltimore 1
TOP OF THE 4TH
Miami Marlins batting - Pitching for Baltimore Orioles : RHP Max Ibbotson
Batting: LHB Jose Stevens 0-0: Ground out U3 (Groundball, 3S, EV 84.4 MPH)
Batting: LHB David Almager 0-0: Called Strike
0-1: Called Strike
0-2: Ball
1-2: Foul Ball, location: 23FF
1-2: Fly out, F8 (Flyball, 78M, EV 93.8 MPH)
Batting: LHB Standen Mocadlo 0-0: Ball
1-0: Ball
2-0: Ground out 4-3 (Groundball, 34, EV 98.8 MPH)
Top of the 4th over - 0 runs, 0 hits, 0 errors, 0 left on base; Miami 1 - Baltimore 1
BOTTOM OF THE 4TH
Baltimore Orioles batting - Pitching for Miami Marlins : RHP Max Uren
Batting: RHB Truman Jackson 0-0: Foul Ball, location: 2LF
0-1: Called Strike
0-2: Ball
1-2: Foul Ball, location: 23FF
1-2: Foul Ball, location: 2F
1-2: Foul Ball, location: 9LSF
1-2: Strikes out swinging
Batting: LHB D.J. Spencer 0-0: Foul Ball, location: 7LSF
0-1: Foul Ball, location: 7LMF
0-2: Strikes out swinging
Batting: RHB Paul Ramos 0-0: Ball
1-0: Ball
2-0: Called Strike
2-1: Foul Ball, location: 2F
2-2: Ground out 5-3 (Groundball, 56, EV 104.4 MPH)
Bottom of the 4th over - 0 runs, 0 hits, 0 errors, 0 left on base; Miami 1 - Baltimore 1
TOP OF THE 5TH
Miami Marlins batting - Pitching for Baltimore Orioles : RHP Max Ibbotson
Batting: LHB Mike Rundle 0-0: Foul Ball, location: 7LMF
0-1: Foul Ball, location: 3F
0-2: Strikes out swinging
Batting: LHB Samuel Sullivan 0-0: Ball
1-0: Foul Ball, location: 7LSF
1-1: Called Strike
1-2: Foul Ball, location: 2F
1-2: Ball
2-2: Ball
3-2: Strikes out swinging
Batting: LHB Joshua Roberts 0-0: Called Strike
0-1: Called Strike
0-2: Ball
1-2: Ball
2-2: Strikes out swinging
Top of the 5th over - 0 runs, 0 hits, 0 errors, 0 left on base; Miami 1 - Baltimore 1
BOTTOM OF THE 5TH
Baltimore Orioles batting - Pitching for Miami Marlins : RHP Max Uren
Batting: RHB Dong-Kyoon Shin 0-0: Called Strike
0-1: SINGLE (Flyball, 9LS, EV 88.8 MPH)
Batting: RHB Martin Taylor 0-0: Grounds into double play, 6-4-3 (Groundball, 6, EV 106.3 MPH)
Batting: RHB Gonçalo Melo 0-0: Swinging Strike
0-1: Called Strike
0-2: Ground out 5-3 (Groundball, 56, EV 101.3 MPH)
Bottom of the 5th over - 0 runs, 1 hit, 0 errors, 0 left on base; Miami 1 - Baltimore 1
TOP OF THE 6TH
Miami Marlins batting - Pitching for Baltimore Orioles : RHP Max Ibbotson
Batting: LHB Luís Montero 0-0: Ball
1-0: Called Strike
1-1: Ground out 4-3 (Groundball, 34, EV 75.6 MPH)
Batting: LHB Elijah Mitchell 0-0: Ball
1-0: Foul Ball, location: 9LSF
1-1: Swinging Strike
1-2: Ball
2-2: Ball
3-2: Foul Ball, location: 3SF
3-2: Foul Ball, location: 2F
3-2: Strikes out swinging
Batting: LHB Russ Hicks 0-0: Ball
1-0: Called Strike
1-1: Swinging Strike
1-2: Ball
2-2: Foul Ball, location: 2F
2-2: Ball
3-2: Foul Ball, location: 7LSF
3-2: Foul Ball, location: 7LSF
3-2: Strikes out swinging
Top of the 6th over - 0 runs, 0 hits, 0 errors, 0 left on base; Miami 1 - Baltimore 1
BOTTOM OF THE 6TH
Baltimore Orioles batting - Pitching for Miami Marlins : RHP Max Uren
Batting: LHB Tony Goerner 0-0: Foul Ball, location: 2F
0-1: Foul Ball, location: 7LSF
0-2: Ball
1-2: Strikes out swinging
Batting: SHB Magglio Trego 0-0: Ball
1-0: Called Strike
1-1: Ball
2-1: Foul Ball, location: 2F
2-2: SINGLE (Line Drive, 8RS, EV 103.1 MPH)
Batting: LHB Caleb Gim 0-0: Called Strike
Magglio Trego is caught stealing 2nd base 2-6
0-1: Ball
1-1: Fly out, F7 (Line Drive, 78M, EV 97.5 MPH)
Bottom of the 6th over - 0 runs, 1 hit, 0 errors, 0 left on base; Miami 1 - Baltimore 1
TOP OF THE 7TH
Miami Marlins batting - Pitching for Baltimore Orioles : RHP Max Ibbotson
Pitching: RHP Xavier Basha
Batting: LHB Jose Stevens 0-0: Called Strike
0-1: Ball
1-1: Ball
2-1: Foul Ball, location: 3F
2-2: Strikes out swinging
Batting: LHB David Almager 0-0: Called Strike
0-1: Ball
1-1: Ball
2-1: Fly out, F7 (Flyball, 7S, EV 90.6 MPH)
Batting: LHB Standen Mocadlo 0-0: Fly out, F9 (Flyball, 9D, EV 102.5 MPH)
Top of the 7th over - 0 runs, 0 hits, 0 errors, 0 left on base; Miami 1 - Baltimore 1
BOTTOM OF THE 7TH
Baltimore Orioles batting - Pitching for Miami Marlins : RHP Max Uren
Batting: RHB Truman Jackson 0-0: Called Strike
0-1: Swinging Strike
0-2: Ball
1-2: Fly out, F5 (Popup, 5SF, EV 89.4 MPH)
Pitching: RHP Sam Bridges
Batting: LHB D.J. Spencer 0-0: Ball
1-0: SINGLE (Groundball, 4S, EV 62.5 MPH) (infield hit)
Pinch Hitting: SHB Kaleb Drew 0-0: Ball
1-0: Called Strike
1-1: Called Strike
1-2: Foul Ball, location: 3F
1-2: Ball
2-2: Fly out, F6 (Popup, 6, EV 61.3 MPH)
Batting: RHB Dong-Kyoon Shin 0-0: Ball
1-0: Foul Ball, location: 7LDF
1-1: Ball
D.J. Spencer steals 2nd base
2-1: Ball
3-1: Fly out, F7 (Flyball, 7, EV 90.0 MPH)
Bottom of the 7th over - 0 runs, 1 hit, 0 errors, 1 left on base; Miami 1 - Baltimore 1
TOP OF THE 8TH
Miami Marlins batting - Pitching for Baltimore Orioles : RHP Xavier Basha
Now in RF: Mateo Decker
Batting: LHB Mike Rundle 0-0: Ball
1-0: Fly out, F7 (Flyball, 78M, EV 92.5 MPH)
Batting: LHB Samuel Sullivan 0-0: Ball
1-0: Called Strike
1-1: Called Strike
1-2: SINGLE (Groundball, 34D, EV 96.9 MPH)
Batting: LHB Joshua Roberts 0-0: Ball
1-0: Ball
2-0: Ball
3-0: Base on Balls
Samuel Sullivan to second
Batting: LHB Luís Montero 0-0: Foul Ball, location: 3F
0-1: Swinging Strike
0-2: Foul Ball, location: 25F
0-2: Strikes out looking
Batting: LHB Elijah Mitchell 0-0: Called Strike
0-1: Ball
1-1: Called Strike
1-2: Foul Ball, location: 23F
1-2: Fly out, F7 (Flyball, 78M, EV 91.3 MPH)
Top of the 8th over - 0 runs, 1 hit, 0 errors, 2 left on base; Miami 1 - Baltimore 1
BOTTOM OF THE 8TH
Baltimore Orioles batting - Pitching for Miami Marlins : RHP Sam Bridges
Batting: RHB Martin Taylor 0-0: Foul Ball, location: 2RF
0-1: Fly out, F9 (Flyball, 9S, EV 88.1 MPH)
Batting: RHB Gonçalo Melo 0-0: Ball
1-0: Called Strike
1-1: Foul Ball, location: 9LSF
1-2: Foul Ball, location: 23F
1-2: Foul Ball, location: 2F
1-2: Ball
2-2: Strikes out looking
Batting: LHB Tony Goerner 0-0: Called Strike
0-1: Foul Ball, location: 9LMFF
0-2: Foul Ball, location: 7LSF
0-2: Ball
1-2: Ground out 4-3 (Groundball, 34, EV 89.4 MPH)
Bottom of the 8th over - 0 runs, 0 hits, 0 errors, 0 left on base; Miami 1 - Baltimore 1
TOP OF THE 9TH
Miami Marlins batting - Pitching for Baltimore Orioles : RHP Xavier Basha
Batting: LHB Russ Hicks 0-0: Ball
1-0: Foul Ball, location: 5DF
1-1: Foul Ball, location: 2F
1-2: Strikes out swinging
Batting: LHB Jose Stevens 0-0: Called Strike
0-1: Ball
1-1: Foul Ball, location: 7LSF
1-2: Strikes out swinging
Batting: LHB David Almager 0-0: Ball
1-0: Ground out 4-3 (Groundball, 4, EV 82.5 MPH)
Top of the 9th over - 0 runs, 0 hits, 0 errors, 0 left on base; Miami 1 - Baltimore 1
BOTTOM OF THE 9TH
Baltimore Orioles batting - Pitching for Miami Marlins : RHP Sam Bridges
Batting: SHB Magglio Trego 0-0: Swinging Strike
0-1: Foul Ball, location: 7LMF
0-2: Ball
1-2: SINGLE (Groundball, 4S, EV 66.3 MPH) (infield hit)
Batting: LHB Caleb Gim Balk!
Magglio Trego to second
0-0: Foul Ball, location: 2F
0-1: Fly out, F7 (Flyball, 7, EV 100.0 MPH)
Batting: RHB Truman Jackson 0-0: Ball
1-0: Ground out 4-3 (Groundball, 4M, EV 99.4 MPH)
Magglio Trego to third
Batting: LHB D.J. Spencer 0-0: Intentional Walk
Batting: RHB Mateo Decker 0-0: SINGLE (Groundball, 34, EV 83.1 MPH)
Magglio Trego scores
Bottom of the 9th over - 1 run, 2 hits, 0 errors, 1 left on base; Miami 1 - Baltimore 2
Monday, May 6th , 2024 - OOTP Baseball 24.11 Build 85